[Event "Titled Tuesday Blitz June 6 Late 2023"]
[White "campochess"]
[Black "Sarkar, Justin"]
[BlackFideId "2010011"]
[WhiteElo "2163"]
[BlackElo "2151"]
[Result "1-0"]
[Round "10"]
[TimeControl "180+2"]
[Date "2023.06.07"]
[WhiteClock "0:00:53"]
[BlackClock "0:00:02"]
[Board "99"]

1. e4 c5 2. Na3 d6 3. c3 Nf6 4. Nf3 g6 5. Be2 Bg7 6. O-O O-O 7. d3 Nc6 8. Bg5 h6 9. Bd2 e5 10. Ne1 d5 11. Qc2 Be6 12. f4 exf4 13. Bxf4 dxe4 14. dxe4 Nd7 15. Rd1 Re8 16. Nb5 Be5 17. Nd6 Bxf4 18. Rxf4 Qg5 19. Qd2 Re7 20. Nf3 Qh5 21. Nd4 Qe5 22. Nxe6 Qxe6 23. Bg4 Qe5 24. Nc4 Qg5 25. h4 Qxh4 26. Bxd7 Qg5 27. Bxc6 bxc6 28. e5 Rae8 29. Re4 Qg3 30. Rde1 h5 31. Qf2 Qg5 32. Qxc5 Rd7 33. Nd6 Red8 34. Qxc6 1-0


[Site "https://www.chess.com"]

[Event "Titled Tuesday Blitz June 6 Late 2023"]
[White "Lopez Perdomo, Juan David"]
[Black "zano2023"]
[WhiteFideId "4405137"]
[WhiteElo "1965"]
[BlackElo "2140"]
[Result "0-1"]
[Round "10"]
[TimeControl "180+2"]
[Date "2023.06.07"]
[WhiteClock "0:01:07"]
[BlackClock "0:01:05"]
[Board "100"]

1. e4 e6 2. d4 d5 3. Nc3 Nf6 4. e5 Nfd7 5. f4 c5 6. Nf3 Nc6 7. Be3 Qb6 8. Na4 Qa5+ 9. c3 cxd4 10. b4 Nxb4 11. cxb4 Bxb4+ 12. Kf2 dxe3+ 13. Kxe3 b6 14. Bd3 Nc5 15. Bc2 Bd7 16. Nb2 Ne4 17. Bxe4 dxe4 18. Nd4 Qa3+ 19. Kxe4 Qxb2 20. Rb1 Qxg2+ 21. Nf3 Bc6+ 22. Kd4 Bc5+ 23. Kc4 Qxf3 24. Rb3 Qxh1 25. Qxh1 Bxh1 0-1


[Site "https://www.chess.com"]

[Event "Titled Tuesday Blitz June 6 Late 2023"]
[White "Hartikainen, Jarmo"]
[Black "Diaz Rosas, Julio Cesar"]
[WhiteFideId "503134"]
[BlackFideId "5105099"]
[WhiteElo "2124"]
[BlackElo "2284"]
[Result "0-1"]
[Round "10"]
[TimeControl "180+2"]
[Date "2023.06.07"]
[WhiteClock "0:00:02"]
[BlackClock "0:00:20"]
[Board "101"]

1. e4 c5 2. c3 Nf6 3. e5 Nd5 4. d4 cxd4 5. Nf3 g6 6. cxd4 Bg7 7. Nc3 Nxc3 8. bxc3 O-O 9. h4 h5 10. Bd3 d6 11. Bf4 Bg4 12. Be2 Nc6 13. exd6 exd6 14. Bg5 Bf6 15. Qd2 Re8 16. O-O Bxg5 17. hxg5 Ne7 18. Rfe1 Nf5 19. Qf4 Ng7 20. Bd3 Ne6 21. Qf6 Qxf6 22. gxf6 Nf4 23. Bb5 Rxe1+ 24. Rxe1 Bxf3 25. gxf3 Nd5 26. c4 Nxf6 27. c5 a6 28. Ba4 dxc5 29. dxc5 Rc8 30. Rc1 Nd5 31. Kf1 Nb4 32. Bb3 Nd3 33. Rd1 Nxc5 34. Rc1 b6 35. Bd5 Rd8 36. Bc6 Rd2 37. a4 Nd3 38. Rc3 Rxf2+ 39. Kg1 Rd2 40. Be4 Nc5 41. Re3 Nxe4 42. Rxe4 Rd5 43. Rb4 b5 44. axb5 Rxb5 45. Ra4 a5 46. Kg2 Kg7 47. Kg3 g5 48. Ra3 Kg6 49. Ra4 f6 50. Ra3 h4+ 51. Kh3 f5 52. Ra4 Kh5 53. Kg2 g4 54. fxg4+ fxg4 55. Kf2 Rf5+ 56. Kg2 Rc5 57. Ra2 h3+ 58. Kg3 Rc3+ 59. Kh2 Kh4 60. Ra4 Rc2+ 61. Kg1 Rc5 62. Kf2 Rf5+ 63. Kg1 Kg3 64. Ra3+ Rf3 65. Ra1 a4 66. Rxa4 h2+ 67. Kh1 Rf1# 0-1


[Site "https://www.chess.com"]

[Event "Titled Tuesday Blitz June 6 Late 2023"]
[White "Torres Dominguez, David"]
[Black "el_sporco"]
[WhiteFideId "2220857"]
[WhiteElo "1999"]
[BlackElo "2401"]
[Result "1-0"]
[Round "10"]
[TimeControl "180+2"]
[Date "2023.06.07"]
[WhiteClock "0:02:01"]
[BlackClock "0:02:17"]
[Board "102"]

1. e4 e5 2. Bc4 Nf6 3. Nc3 Nxe4 4. Qh5 Nd6 5. Qxe5+ Be7 6. Qxg7 Bf6 7. Qg4 Nc6 8. Bb3 Ne5 9. Qg3 Nf5 10. Qf4 d6 11. Nge2 Bg5 12. Qe4 O-O 13. d4 Ng6 14. Bxg5 Qxg5 15. O-O Bd7 16. Ng3 Nfh4 17. f4 Qg4 18. f5 Qxe4 19. Ncxe4 Ne7 20. Nf6+ 1-0


[Site "https://www.chess.com"]

[Event "Titled Tuesday Blitz June 6 Late 2023"]
[White "dorpato"]
[Black "Tarnowska, Aleksandra"]
[BlackFideId "1180967"]
[WhiteElo "2062"]
[BlackElo "1776"]
[Result "1-0"]
[Round "10"]
[TimeControl "180+2"]
[Date "2023.06.07"]
[WhiteClock "0:01:08"]
[BlackClock "0:00:01"]
[Board "103"]

1. e4 c5 2. Nc3 e6 3. g3 Nc6 4. Bg2 d6 5. d3 Nf6 6. Be3 Be7 7. f4 O-O 8. Nf3 a6 9. h3 b5 10. O-O b4 11. Ne2 d5 12. e5 Nd7 13. g4 Re8 14. Ng3 Qc7 15. c3 bxc3 16. bxc3 Rb8 17. d4 cxd4 18. cxd4 a5 19. f5 Bf8 20. g5 exf5 21. Nxf5 Ndxe5 22. Nxe5 Nxe5 23. dxe5 Qxe5 24. Bf4 Bc5+ 25. Kh1 Qxf5 26. Bxb8 Qxg5 27. Qf3 Be6 28. Bf4 Qg6 29. Rac1 Bd4 30. Qg3 Qh5 31. Rcd1 Bf6 32. Rfe1 Rc8 33. Qh2 h6 34. Be5 Bg5 35. Bf4 Rc2 36. Bxg5 Qxg5 37. Rg1 Qe3 38. Rde1 Qf2 39. Qb8+ Kh7 40. Qe5 Qh4 41. Qe3 Rxa2 42. Qd3+ Kg8 43. Bxd5 1-0


[Site "https://www.chess.com"]

[Event "Titled Tuesday Blitz June 6 Late 2023"]
[White "Magallanes, Rey Jomar"]
[Black "Ricaurte Lopez, Juan Carlos"]
[WhiteFideId "5205948"]
[BlackFideId "3600327"]
[WhiteElo "2268"]
[BlackElo "2200"]
[Result "1-0"]
[Round "10"]
[TimeControl "180+2"]
[Date "2023.06.07"]
[WhiteClock "0:00:42"]
[BlackClock "0:00:02"]
[Board "104"]

1. e4 e5 2. Nf3 d5 3. exd5 e4 4. Nd4 Qxd5 5. c3 Bd6 6. d3 Nf6 7. Be2 Qe5 8. f4 exf3 9. Nxf3 Qh5 10. O-O Bg4 11. Qe1 O-O 12. h3 Bxh3 13. gxh3 Qxh3 14. Qf2 Re8 15. Ng5 Qh2+ 16. Qxh2 Bxh2+ 17. Kxh2 Rxe2+ 18. Kg1 Nbd7 19. Bf4 Rxb2 20. Nd2 Nd5 21. Nc4 Rc2 22. Bh2 f6 23. Ne6 Rxc3 24. Rf3 Re8 25. Re1 c5 26. Rg3 g6 27. Nd6 Re7 28. Nf5 Re8 29. Nh6+ Kh8 30. Ng4 Kg8 31. Rf3 Kf7 32. Ng5+ Kg7 33. Rxe8 fxg5 34. Ne5 Rc1+ 35. Rf1 Rxf1+ 36. Kxf1 N7f6 37. Rb8 b6 38. Rb7+ Kh6 39. Rxa7 Nf4 40. Bxf4 gxf4 41. Rf7 Kg5 42. Nf3+ Kf5 43. Rb7 1-0


[Site "https://www.chess.com"]

[Event "Titled Tuesday Blitz June 6 Late 2023"]
[White "Miller, Ike S"]
[Black "Brown, Raehanna"]
[WhiteFideId "2022532"]
[BlackFideId "7402740"]
[WhiteElo "2117"]
[BlackElo "1655"]
[Result "0-1"]
[Round "10"]
[TimeControl "180+2"]
[Date "2023.06.07"]
[WhiteClock "0:00:03"]
[BlackClock "0:00:36"]
[Board "105"]

1. d4 Nf6 2. c4 g6 3. Nc3 Bg7 4. e4 d6 5. Bd3 O-O 6. Nge2 c5 7. d5 Nbd7 8. f4 a6 9. O-O b5 10. cxb5 axb5 11. Bxb5 Qa5 12. Bc6 Rb8 13. a4 Ba6 14. h3 Rb4 15. Qc2 Rfb8 16. Ra3 Nb6 17. e5 dxe5 18. fxe5 Nfd7 19. e6 fxe6 20. dxe6 Ne5 21. Ne4 Nxc6 22. Rf7 Bxe2 23. Qxe2 Nd4 24. Qg4 Nc4 25. Rg3 Ne5 26. Rxg7+ Kxg7 27. Qf4 Ndc6 28. Nf6 exf6 29. Qh6+ Kg8 30. h4 Rxh4 31. Qxh4 Qe1+ 32. Kh2 Qxc1 33. Qe4 Qxb2 34. e7 Nxe7 35. Qd5+ Nxd5 36. Rd3 Nxd3 0-1


[Site "https://www.chess.com"]

[Event "Titled Tuesday Blitz June 6 Late 2023"]
[White "NtcPou"]
[Black "Howell, David W L"]
[BlackFideId "410608"]
[WhiteElo "2043"]
[BlackElo "2567"]
[Result "0-1"]
[Round "10"]
[TimeControl "180+2"]
[Date "2023.06.07"]
[WhiteClock "0:00:25"]
[BlackClock "0:00:19"]
[Board "107"]

1. e4 Nf6 2. e5 Nd5 3. d4 d6 4. Nf3 dxe5 5. Nxe5 Nd7 6. Nf3 g6 7. c4 N5f6 8. Be2 Bg7 9. O-O O-O 10. Nc3 b6 11. a4 Bb7 12. a5 bxa5 13. Rxa5 c5 14. Qa4 cxd4 15. Nxd4 Nb6 16. Qb5 Qxd4 17. c5 Rfc8 18. cxb6 Qxb6 19. Qxb6 axb6 20. Rb5 Nd7 21. Bd2 Bxc3 22. Bxc3 Ba6 23. Rd5 Bxe2 24. Rxd7 Bxf1 25. Kxf1 Kf8 26. Bb4 Re8 27. Rb7 Ra6 28. Ba3 f6 29. Ke2 Kf7 30. Ke3 h5 31. h3 g5 32. f4 gxf4+ 33. Kxf4 h4 34. Kg4 Ra4+ 35. Kf3 Rd4 36. Rxb6 Red8 37. Rb7 R8d7 38. Rb5 Rd3+ 39. Kf2 Rd2+ 40. Kf3 R7d3+ 41. Kg4 Rxg2+ 42. Kxh4 Kg6 43. Rb4 e5 44. Rg4+ Rxg4+ 45. hxg4 Rb3 0-1


[Site "https://www.chess.com"]

[Event "Titled Tuesday Blitz June 6 Late 2023"]
[White "Nepomniachtchi, Ian"]
[Black "Nakamura, Hikaru"]
[WhiteFideId "4168119"]
[BlackFideId "2016192"]
[WhiteElo "2781"]
[BlackElo "2874"]
[Result "0-1"]
[Round "11"]
[TimeControl "180+2"]
[Date "2023.06.07"]
[WhiteClock "0:00:08"]
[BlackClock "0:00:15"]
[Board "1"]

1. e4 e5 2. f4 Nc6 3. Nf3 f5 4. exf5 e4 5. Ne5 Nf6 6. d4 d6 7. Bb5 dxe5 8. fxe5 Bd7 9. exf6 Qxf6 10. O-O O-O-O 11. Be3 Bd6 12. Bxc6 Bxc6 13. Qg4 h5 14. Qh3 Bd7 15. Nc3 Rde8 16. Nd5 Qf7 17. c4 g6 18. Bf4 Bxf4 19. Nxf4 Bxf5 20. Qe3 Qxc4 21. Rac1 Qf7 22. Rc5 b6 23. Rc3 Kb7 24. Rfc1 Re7 25. Qe2 Rd8 26. Ra3 a5 27. b4 Qf6 28. bxa5 Qxd4+ 29. Kh1 Bg4 30. Qf1 e3 31. axb6 e2 32. Qe1 cxb6 33. h3 Qxf4 34. Rac3 Qxc1 35. Rxc1 Rd1 36. hxg4 Rxc1 37. Qxc1 e1=Q+ 0-1


[Site "https://www.chess.com"]

[Event "Titled Tuesday Blitz June 6 Late 2023"]
[White "Svane, Rasmus"]
[Black "Duda, Jan-Krzysztof"]
[WhiteFideId "4657101"]
[BlackFideId "1170546"]
[WhiteElo "2601"]
[BlackElo "2783"]
[Result "1-0"]
[Round "11"]
[TimeControl "180+2"]
[Date "2023.06.07"]
[WhiteClock "0:00:26"]
[BlackClock "0:00:01"]
[Board "3"]

1. Nf3 Nf6 2. g3 b5 3. Bg2 Bb7 4. d3 e6 5. O-O d5 6. c4 c6 7. Qc2 Nbd7 8. b3 Be7 9. Bb2 O-O 10. e4 Rc8 11. e5 Ne8 12. Nbd2 Nc7 13. Rae1 c5 14. h4 Nb6 15. Rd1 Qd7 16. Rfe1 Rfd8 17. Nf1 a5 18. Ne3 Na6 19. h5 h6 20. Ng4 d4 21. Qc1 Nb4 22. a3 Na6 23. Nxh6+ gxh6 24. Qxh6 Bf8 25. Qg5+ Kh8 26. h6 Qe7 27. Qh5 Bxf3 28. Bxf3 Nc7 29. Bc1 Qe8 30. Qh4 Nd7 31. Bg5 bxc4 32. bxc4 Rb8 33. Bc6 f5 34. exf6 Qf7 35. Bf3 Rb3 36. Bh5 Qh7 37. f7 Bxh6 38. Bxd8 1-0


[Site "https://www.chess.com"]

[Event "Titled Tuesday Blitz June 6 Late 2023"]
[White "Xiong, Jeffery"]
[Black "Lazavik, Denis"]
[WhiteFideId "2047640"]
[BlackFideId "13515110"]
[WhiteElo "2726"]
[BlackElo "2560"]
[Result "1-0"]
[Round "11"]
[TimeControl "180+2"]
[Date "2023.06.07"]
[WhiteClock "0:00:47"]
[BlackClock "0:00:01"]
[Board "4"]

1. e4 c5 2. Nf3 e6 3. c3 d5 4. e5 d4 5. g3 Nc6 6. Bg2 Qc7 7. Qe2 Nge7 8. O-O Ng6 9. Re1 d3 10. Qe4 Be7 11. h4 h5 12. Na3 a6 13. Qxd3 Ngxe5 14. Nxe5 Nxe5 15. Qe2 Ng4 16. Nc4 O-O 17. d3 f6 18. f3 Ne5 19. Bf4 Bd6 20. Nxe5 fxe5 21. Bxe5 Rf5 22. Bxd6 Qxd6 23. f4 g6 24. Bh3 Rd5 25. Rad1 Bd7 26. Bxe6+ Bxe6 27. Qxe6+ Qxe6 28. Rxe6 Kf7 29. Re3 Rad8 30. Kf2 a5 31. Ke2 a4 32. Re4 b5 33. c4 bxc4 34. Rxc4 Rb8 35. Rd2 Ra8 36. Kd1 Ke6 37. Kc2 Kf5 38. Re2 Kg4 39. Re3 Rf5 40. Kc3 Ra6 41. Rce4 Ra8 42. Re5 Raf8 43. Kc4 Rd8 44. Kxc5 1-0


[Site "https://www.chess.com"]

[Event "Titled Tuesday Blitz June 6 Late 2023"]
[White "Kovalev, Vladislav"]
[Black "Andreikin, Dmitry"]
[WhiteFideId "13504398"]
[BlackFideId "4158814"]
[WhiteElo "2555"]
[BlackElo "2736"]
[Result "0-1"]
[Round "11"]
[TimeControl "180+2"]
[Date "2023.06.07"]
[WhiteClock "0:00:01"]
[BlackClock "0:00:06"]
[Board "5"]

1. e4 g6 2. d4 Bg7 3. Be3 Nf6 4. Nc3 d6 5. f3 c6 6. Qd2 b5 7. Bh6 Bxh6 8. Qxh6 b4 9. Nce2 Nbd7 10. O-O-O Qa5 11. Kb1 Nb6 12. Nc1 Be6 13. Nb3 Qh5 14. Qxh5 Nxh5 15. Ba6 Rb8 16. Ne2 Bc4 17. Bxc4 Nxc4 18. h4 f5 19. e5 O-O 20. f4 Rbd8 21. Rd3 dxe5 22. dxe5 Rxd3 23. cxd3 Ne3 24. g3 Rd8 25. Nc5 Kf7 26. d4 Ng7 27. Kc1 Ne6 28. Nxe6 Kxe6 29. Kd2 Nc4+ 30. Kc2 c5 31. Kb3 Nd2+ 32. Kc2 Nf3 33. h5 Nxd4+ 34. Nxd4+ Rxd4 35. hxg6 hxg6 36. Rh6 Kf7 37. Rh7+ Kf8 38. Rh8+ Kf7 39. Rh7+ Kf8 40. Rh8+ Kg7 41. Ra8 g5 42. Rxa7 Kf7 43. fxg5 Rg4 44. Rc7 Rxg5 45. Rxc5 Rxg3 46. Rc4 Rg4 47. Rc5 Ke6 48. Rb5 Rd4 49. a3 bxa3 50. bxa3 f4 51. Kc3 Ra4 52. Kb3 Re4 53. Kc3 f3 54. Kd3 f2 55. Rb6+ Kf7 56. Kxe4 f1=Q 0-1


[Site "https://www.chess.com"]

[Event "Titled Tuesday Blitz June 6 Late 2023"]
[White "Durarbayli, Vasif"]
[Black "Bortnyk, Mykola"]
[WhiteFideId "13402935"]
[BlackFideId "14120836"]
[WhiteElo "2551"]
[BlackElo "2592"]
[Result "1/2-1/2"]
[Round "11"]
[TimeControl "180+2"]
[Date "2023.06.07"]
[WhiteClock "0:00:03"]
[BlackClock "0:00:05"]
[Board "6"]

1. e4 Nf6 2. e5 Nd5 3. d4 d6 4. exd6 exd6 5. c4 Nb6 6. Nc3 Be7 7. Bd3 O-O 8. Nge2 Bg4 9. O-O Bf6 10. Be3 Re8 11. Qc2 Nc6 12. Bxh7+ Kh8 13. Bd3 Nb4 14. Qd2 Nxd3 15. Qxd3 Qd7 16. b3 Bf5 17. Qd2 a5 18. d5 a4 19. Bd4 Qd8 20. Ng3 Bg6 21. Bxf6 Qxf6 22. Rae1 axb3 23. axb3 Nd7 24. Nb5 Rec8 25. Ne4 Qh4 26. Re3 Kg8 27. Qd4 Ne5 28. f4 c5 29. dxc6 Nxc6 30. Qxd6 Rd8 31. Qc5 Ra2 32. Nbc3 Rc2 33. Ng3 Bd3 34. Rxd3 Rxd3 35. Nce4 Qd8 36. Qf5 Nd4 37. Nf6+ gxf6 38. Qxd3 Ne2+ 39. Qxe2 Rxe2 40. Nxe2 Qd3 41. Nc1 Qe3+ 42. Kh1 f5 43. g3 Kg7 44. Kg2 Kg6 45. h3 b6 46. Rd1 f6 47. Rf1 Kh5 48. Rd1 Qe4+ 49. Kg1 Kg6 50. Nd3 Qe2 51. Nf2 Kf7 52. Rd3 Qe1+ 53. Kg2 Qb1 54. Rf3 Qc2 55. Rd3 Ke6 56. g4 fxg4 57. hxg4 Kf7 58. f5 Qe2 59. Rh3 Kg7 60. Rd3 Qe5 61. Rd5 Qe3 62. Rd7+ Kh6 63. Rd3 Qe2 64. Rh3+ Kg5 65. Rd3 Kf4 66. Rd4+ Kg5 67. Rd3 Kh6 68. Kg3 Qf1 69. Kf3 Qc1 70. Kg2 Qf4 71. Rh3+ Kg7 72. Rf3 Qc7 73. Rd3 Qb7+ 74. Rd5 Qa8 75. Kg3 Kh6 76. Rb5 Qb8+ 77. Kg2 Qb7+ 78. Rd5 b5 79. Kg3 bxc4 80. bxc4 Qb3+ 81. Rd3 Qxc4 82. Kg2 Qc6+ 83. Kg3 Kg5 84. Nh3+ Kh6 85. Nf2 Qc1 86. Rd1 Qe3+ 87. Kg2 Kg5 88. Rh1 Kf4 89. Rh3 Qe2 90. Rg3 Kg5 91. Rd3 Qe8 92. Rf3 Qa8 93. Kg3 Qb8+ 94. Kg2 Qb7 95. Kg3 Kh6 96. Nh3 Qb1 97. Re3 Qc1 98. Re6 Kg7 99. Nf4 Qg1+ 100. Ng2 Qa1 101. Nf4 Qg1+ 102. Kf3 Qh1+ 103. Kg3 Qg1+ 1/2-1/2


[Site "https://www.chess.com"]

[Event "Titled Tuesday Blitz June 6 Late 2023"]
[White "Kollars, Dmitrij"]
[Black "Zhigalko, Sergei"]
[WhiteFideId "12909572"]
[BlackFideId "13502956"]
[WhiteElo "2584"]
[BlackElo "2626"]
[Result "1-0"]
[Round "11"]
[TimeControl "180+2"]
[Date "2023.06.07"]
[WhiteClock "0:00:12"]
[BlackClock "0:00:03"]
[Board "7"]

1. e4 c5 2. Nf3 Nc6 3. Bb5 Nf6 4. Nc3 Qc7 5. O-O Nd4 6. Re1 a6 7. Bf1 e5 8. Nd5 Nxd5 9. exd5 d6 10. Nxd4 cxd4 11. c3 dxc3 12. bxc3 Be7 13. d4 O-O 14. dxe5 dxe5 15. c4 Bf5 16. Be3 Bb4 17. Re2 Rac8 18. Rc1 Qa5 19. Qb3 Rfd8 20. Rb2 Bc5 21. Bxc5 Qxc5 22. Qxb7 a5 23. Rd1 h6 24. Qb6 Qa3 25. Qb3 Qc5 26. Qe3 f6 27. Rb5 Qc7 28. c5 Bd7 29. d6 Qa7 30. Rb6 Be6 31. c6 Kh8 32. Qc5 e4 33. Rc1 e3 34. c7 exf2+ 35. Kxf2 Re8 36. Ba6 Bd7 37. Bxc8 Bxc8 38. Qc6 Re5 39. Rc5 Re6 40. Rcb5 Kh7 41. Qc2+ f5 42. Qc5 Rf6 43. Rc6 Qa8 44. Rxa5 Qb7 45. Qb6 Qxb6+ 46. Rxb6 f4 47. Ra8 Be6 48. c8=Q Bxc8 49. Rxc8 Rxd6 50. Rxd6 1-0


[Site "https://www.chess.com"]

[Event "Titled Tuesday Blitz June 6 Late 2023"]
[White "Indjic, Aleksandar"]
[Black "Paravyan, David"]
[WhiteFideId "911925"]
[BlackFideId "4194985"]
[WhiteElo "2614"]
[BlackElo "2563"]
[Result "0-1"]
[Round "11"]
[TimeControl "180+2"]
[Date "2023.06.07"]
[WhiteClock "0:00:01"]
[BlackClock "0:01:23"]
[Board "8"]

1. d4 d5 2. c4 e6 3. Nc3 Nf6 4. Nf3 c5 5. e3 Nc6 6. a3 Ne4 7. Bd3 Nxc3 8. bxc3 Bd6 9. O-O O-O 10. e4 dxe4 11. Bxe4 Na5 12. Rb1 h6 13. Qe2 Qc7 14. Ne5 f5 15. Bd3 Bxe5 16. dxe5 b6 17. h4 Bb7 18. Bf4 Rad8 19. f3 Rd7 20. Bc2 Ba6 21. Rb5 Bxb5 22. cxb5 c4 23. a4 Qc5+ 24. Kh2 Nb3 25. g4 fxg4 26. Qe4 Rxf4 27. Qh7+ Kf7 28. Bg6+ Ke7 29. Qg8 Rf8 30. Qxg7+ Kd8 31. Kg3 Rxg7 0-1


[Site "https://www.chess.com"]

[Event "Titled Tuesday Blitz June 6 Late 2023"]
[White "Martinez Ramirez, Lennis"]
[Black "Deac, Bogdan-Daniel"]
[WhiteFideId "3509079"]
[BlackFideId "1226380"]
[WhiteElo "2410"]
[BlackElo "2644"]
[Result "1-0"]
[Round "11"]
[TimeControl "180+2"]
[Date "2023.06.07"]
[WhiteClock "0:00:04"]
[BlackClock "0:00:02"]
[Board "9"]

1. Nf3 b6 2. e4 Bb7 3. Nc3 Nf6 4. e5 Nd5 5. d4 e6 6. Bd3 c5 7. O-O cxd4 8. Nxd4 Nxc3 9. bxc3 Nc6 10. Qh5 g6 11. Qe2 Bc5 12. Nb5 Qb8 13. Bg5 O-O 14. Bf6 Be7 15. f4 Bxf6 16. exf6 Qd8 17. Nd6 Rb8 18. f5 exf5 19. Nxf5 Re8 20. Qg4 Re5 21. Qh4 Qf8 22. Nh6+ Kh8 23. g4 Rbe8 24. Rf2 Nd8 25. Raf1 Re1 26. g5 Rxf1+ 27. Kxf1 Qc5 28. Qg3 Qxc3 29. Re2 Rxe2 30. Kxe2 Qc5 31. Qb8 Bc8 32. Qf4 d5 33. h4 Be6 34. Qb8 Bc8 35. Qxa7 Qd6 36. Qe7 Bg4+ 37. Nxg4 1-0


[Site "https://www.chess.com"]

[Event "Titled Tuesday Blitz June 6 Late 2023"]
[White "Gadimbayli, Abdulla"]
[Black "Martinez Alcantara, Jose Eduardo"]
[WhiteFideId "13404938"]
[BlackFideId "3805662"]
[WhiteElo "2386"]
[BlackElo "2711"]
[Result "0-1"]
[Round "11"]
[TimeControl "180+2"]
[Date "2023.06.07"]
[WhiteClock "0:00:03"]
[BlackClock "0:01:05"]
[Board "10"]

1. e4 e5 2. Nf3 Nc6 3. Nc3 Nf6 4. d4 exd4 5. Nxd4 Bb4 6. Nxc6 bxc6 7. Bd3 O-O 8. O-O Re8 9. Bg5 h6 10. Bh4 Bxc3 11. bxc3 g5 12. Bg3 Nxe4 13. Qh5 d6 14. Rae1 Bf5 15. Qxh6 Re6 16. Qh5 Qf6 17. Bxe4 Bxe4 18. h4 Qg6 19. Qxg5 Qxg5 20. hxg5 Bxc2 21. f3 Rae8 22. Kf2 Bg6 23. Rxe6 fxe6 24. Re1 Kf7 25. Re2 Rb8 26. Ke3 Rb5 27. Bf2 Rxg5 28. g4 Rc5 29. Kd2 Rd5+ 30. Kc1 a5 31. Rb2 Rd3 32. Be1 Rxf3 33. Rb7 Be4 34. Rxc7+ Kg6 35. Ra7 Rf1 36. Kd2 Rg1 37. Rxa5 Rxg4 38. Ra8 Kf7 39. a4 c5 40. Ra7+ Kf6 41. a5 e5 42. a6 Ke6 43. Rc7 Rg2+ 44. Ke3 Bd5 45. a7 Rh2 46. Rc8 Ra2 47. Rc7 Kf5 48. Rd7 Ke6 49. Rc7 Bc4 50. Bh4 Kf5 51. Kf3 Bd5+ 52. Ke3 e4 53. Be1 Ra1 54. Bd2 Rh1 55. Rc8 Rh3+ 56. Kf2 Rh2+ 57. Ke1 Rh1+ 58. Kf2 Ra1 59. Ke3 Rxa7 60. Rd8 Ke6 61. Re8+ Kd7 62. Rh8 Ra1 63. c4 Bxc4 64. Kxe4 Rd1 65. Be3 Kc6 66. Rc8+ Kd7 67. Rh8 Bd3+ 68. Kf4 Rf1+ 69. Kg3 Kc6 70. Rd8 Be2 71. Bg5 d5 72. Be7 Rf3+ 73. Kg2 Rc3 74. Rc8+ Kb5 75. Kf2 Bg4 76. Rc7 d4 77. Ke1 Bf5 78. Kd2 Be4 79. Rc8 Rc2+ 80. Kd1 d3 81. Rf8 Bg6 82. Ke1 d2+ 83. Kd1 Bh5+ 0-1


[Site "https://www.chess.com"]

[Event "Titled Tuesday Blitz June 6 Late 2023"]
[White "Prohaszka, Peter"]
[Black "Sarana, Alexey"]
[WhiteFideId "726265"]
[BlackFideId "24133795"]
[WhiteElo "2626"]
[BlackElo "2714"]
[Result "1-0"]
[Round "11"]
[TimeControl "180+2"]
[Date "2023.06.07"]
[WhiteClock "0:00:07"]
[BlackClock "0:00:20"]
[Board "11"]

1. d4 Nf6 2. Nf3 e6 3. Bf4 b6 4. e3 Bb7 5. a4 a5 6. Nbd2 Be7 7. h3 O-O 8. Bh2 d6 9. Be2 Nbd7 10. O-O Re8 11. Nc4 Bf8 12. Nfd2 e5 13. c3 Qe7 14. Bf3 e4 15. Be2 g6 16. b4 Nd5 17. Qb3 axb4 18. cxb4 Qe6 19. Na3 c6 20. Rfd1 Nf4 21. Bxf4 d5 22. a5 b5 23. Nxb5 cxb5 24. Bxb5 Qe7 25. Bxd7 Qxd7 26. b5 g5 27. Bh2 g4 28. hxg4 Qxg4 29. a6 Bc8 30. Qxd5 Bf5 31. Nf1 h5 32. b6 Be6 33. Qb5 Bd7 34. Qb2 Rxa6 35. f3 exf3 36. Rxa6 f2+ 37. Qxf2 Qxd1 38. b7 Bb5 39. Rb6 Be2 40. b8=Q Rxb8 41. Rxb8 h4 42. Bd6 Bxf1 43. Rxf8+ Kh7 44. Qxf7+ 1-0


[Site "https://www.chess.com"]

[Event "Titled Tuesday Blitz June 6 Late 2023"]
[White "Narayanan.S.L"]
[Black "Simonian, Hrair"]
[WhiteFideId "5058422"]
[BlackFideId "13302337"]
[WhiteElo "2563"]
[BlackElo "2447"]
[Result "1-0"]
[Round "11"]
[TimeControl "180+2"]
[Date "2023.06.07"]
[WhiteClock "0:01:29"]
[BlackClock "0:00:02"]
[Board "12"]

1. f4 e5 2. e4 d5 3. d4 exf4 4. Bxf4 dxe4 5. Bc4 Nf6 6. Ne2 Bd6 7. O-O O-O 8. Nbc3 Bg4 9. Qe1 Bxe2 10. Nxe2 Bxf4 11. Rxf4 Nbd7 12. Bb3 c5 13. c3 cxd4 14. Nxd4 Nc5 15. Qh4 Nd5 16. Bxd5 Qxd5 17. Nf5 Qe6 18. Qg5 g6 19. Ne7+ Kg7 20. Qxc5 Rad8 21. c4 b6 22. Qb4 Rd4 23. Qc3 Rd8 24. Nd5 Qe5 25. Raf1 f5 26. g4 b5 27. gxf5 bxc4 28. Ne3 g5 29. f6+ Kf7 30. Rf5 Qe6 31. Rxg5 Rd3 32. Rg7+ Kf8 33. Qb4+ Qd6 34. Qxd6+ R8xd6 35. Ng4 Rd2 36. Rxh7 1-0


[Site "https://www.chess.com"]

[Event "Titled Tuesday Blitz June 6 Late 2023"]
[White "Svane, Frederik"]
[Black "Gritsenko, Nikolai"]
[WhiteFideId "12923044"]
[BlackFideId "14112493"]
[WhiteElo "2502"]
[BlackElo "2389"]
[Result "1-0"]
[Round "11"]
[TimeControl "180+2"]
[Date "2023.06.07"]
[WhiteClock "0:00:12"]
[BlackClock "0:00:09"]
[Board "13"]

1. c4 e5 2. g3 Nc6 3. Nc3 g6 4. Bg2 Bg7 5. e4 d6 6. Nge2 f5 7. d3 Nf6 8. O-O h6 9. Rb1 O-O 10. b4 Ne7 11. h3 fxe4 12. dxe4 Be6 13. Qd3 Qd7 14. Kh2 h5 15. Be3 Rf7 16. c5 Raf8 17. cxd6 cxd6 18. Rbd1 Nc8 19. f4 h4 20. f5 gxf5 21. exf5 Bxf5 22. Qxf5 hxg3+ 23. Nxg3 Qe8 24. Nd5 Ne7 25. Nxf6+ Rxf6 26. Qd3 Rg6 27. Rxf8+ Qxf8 28. Rf1 Qc8 29. Nf5 Nxf5 30. Bd5+ Kh7 31. Rxf5 Bh6 32. Rf7+ Bg7 33. Be4 1-0


[Site "https://www.chess.com"]

[Event "Titled Tuesday Blitz June 6 Late 2023"]
[White "Ozer, Omer Faruk"]
[Black "Elsa167"]
[WhiteFideId "6354564"]
[WhiteElo "2260"]
[BlackElo "2882"]
[Result "0-1"]
[Round "11"]
[TimeControl "180+2"]
[Date "2023.06.07"]
[WhiteClock "0:00:04"]
[BlackClock "0:00:15"]
[Board "14"]

1. d4 f5 2. Bg5 h6 3. Bh4 g5 4. e3 Nf6 5. Bg3 d6 6. h4 g4 7. Ne2 Bg7 8. Nf4 Kf7 9. h5 Nc6 10. Nc3 e6 11. d5 exd5 12. Ncxd5 Ne5 13. Nxf6 Bxf6 14. c3 Re8 15. Qb3+ Kg7 16. O-O-O Qe7 17. Be2 Qf7 18. Kc2 a5 19. Qxf7+ Kxf7 20. Nd5 Bd8 21. Bh4 c6 22. Bxd8 Rxd8 23. Nb6 Rb8 24. f4 gxf3 25. gxf3 Be6 26. f4 Ng4 27. Bxg4 fxg4 28. e4 Kf6 29. Rhg1 Rg8 30. Rxd6 Ke7 31. Rgd1 Rbd8 32. Rxd8 Rxd8 33. Rg1 Rg8 34. f5 Bf7 35. e5 g3 36. Kd3 Bxh5 37. Nc4 Bf3 38. Nd2 Bg4 39. Ke4 h5 40. Kf4 h4 41. Ne4 Be2 42. f6+ Kf7 43. Ng5+ Kg6 44. f7 Rh8 45. e6 Bc4 46. Kg4 Kf6 47. b3 Bxe6+ 48. Nxe6 Kxe6 49. f8=Q Rxf8 50. Kxh4 Kd5 51. Rxg3 Rh8+ 52. Kg4 Rg8+ 53. Kf3 Rxg3+ 54. Kxg3 Ke4 55. Kf2 Kd3 56. b4 a4 57. b5 cxb5 0-1


[Site "https://www.chess.com"]

[Event "Titled Tuesday Blitz June 6 Late 2023"]
[White "Rustemov, Alexander"]
[Black "Matinian, Nikita"]
[WhiteFideId "4119002"]
[BlackFideId "24129100"]
[WhiteElo "2841"]
[BlackElo "2422"]
[Result "0-1"]
[Round "11"]
[TimeControl "180+2"]
[Date "2023.06.07"]
[WhiteClock "0:00:03"]
[BlackClock "0:00:33"]
[Board "15"]

1. d4 g6 2. c4 Bg7 3. Nf3 d6 4. g3 Nf6 5. Bg2 O-O 6. Nc3 c6 7. O-O Bf5 8. Nh4 Be6 9. d5 cxd5 10. cxd5 Bd7 11. Be3 b5 12. a3 a5 13. Nf3 Na6 14. Nd4 b4 15. axb4 Nxb4 16. Nc6 Bxc6 17. dxc6 d5 18. Bf4 e6 19. c7 Qe7 20. e4 e5 21. exd5 exf4 22. d6 Qd7 23. Bxa8 Rxa8 24. Re1 Bf8 25. Qf3 Rc8 26. Qxf4 Qxd6 27. Nb5 Qxf4 28. gxf4 Nc2 29. Kg2 Nxe1+ 30. Rxe1 Nd5 31. Rc1 Nxf4+ 32. Kf3 Ne6 33. Ke4 Bh6 34. Rc4 Bf4 35. Kd5 Bxc7 36. Na7 Rd8+ 37. Kc6 Bxh2 38. Kb5 Rd5+ 39. Ka4 Rd4 40. Rxd4 Nxd4 41. Kxa5 h5 42. Nb5 Nxb5 43. Kxb5 h4 0-1


[Site "https://www.chess.com"]